 Dungeon Crawl Stone Soup version 0.28.0-53-g5a82cb258f (webtiles) character file.

Game seed: 9417274907324387020

120573 Sin92 the Severer (level 16, -17/131 HPs)
             Began as a Demonspawn Fighter on June 28, 2022.
             Was the Champion of Okawaru.
             Demolished by a goliath frog (21 damage)
             ... on level 2 of the Swamp on June 29, 2022.
             The game lasted 01:12:48 (24865 turns).

Sin92 the Severer (Demonspawn Fighter)             Turns: 24865, Time: 01:12:49

Health: -17/131    AC: 23    Str: 22    XL:     16   Next: 30%
Magic:  14/19      EV: 12    Int:  6    God:    Okawaru [******]
Gold:   803        SH: 15    Dex: 15    Spells: 15/15 levels left

rFire   . . .      SeeInvis .   P - +8 whip "Snakebite" {venom, curare, rPois}
rCold   . . .      Faith    .   R - +3 buckler of Puogg {Rampage +Blink Int-4}
rNeg    . . .      Spirit   .   Q - +6 plate armour
rPois   +          Reflect  +   M - +0 helmet
rElec   .          Harm     .   (cloak unavailable)
rCorr   .          Rampage  +   S - +3 pair of gauntlets of War {Slay+5}
Will    ++...                   (no boots)
Stlth   ..........              L - amulet of Mugiteor {Reflect Will+ Regen+ SH+5}
HPRegen 1.11/turn               z - +4 ring of slaying
MPRegen 0.16/turn               A - +4 ring of protection

@: about to teleport, finesse-ful, corroded
A: (demonic guardian 1), powered by pain 2, sturdy frame 3, weakness stinger 3
a: Renounce Religion, Evoke Blink, Heroism, Finesse, Duel


You were on level 2 of the Swamp.
You worshipped Okawaru.
Okawaru was exalted by your worship.
You visited 5 branches of the dungeon, and saw 22 of its levels.
You also visited: Ossuary.

You collected 2078 gold pieces.
You spent 1275 gold pieces at shops.

Inventory:

Hand Weapons
 p - a +3 hand axe of venom
 v - a +5 broad axe of protection
 P - the +8 whip "Snakebite" (weapon) {venom, curare, rPois}
   (You found it on level 1 of the Lair of Beasts)

   It poisons the flesh of those it strikes.
   It occasionally inflicts asphyxiating poison on those it strikes, dealing
   poison damage and causing slowness.
   rPois:     It protects you from poison.
Missiles
 F - 4 throwing nets (quivered)
Armour
 c - a +1 buckler
 n - a +0 pair of gloves
 M - a +0 helmet (worn)
 Q - a +6 plate armour (worn)
 R - the +3 buckler of Puogg (worn) {Rampage +Blink Int-4}
   (You found it on level 6 of the Lair of Beasts)

   Int:       It affects your intelligence (-4).
   +Blink:    It lets you blink.
   Rampage:   It bestows one free step when moving towards enemies.
 S - the +3 pair of gauntlets of War (worn) {Slay+5}
   (You bought it in a shop on level 2 of the Orcish Mines)

   Slay:      It affects your accuracy & damage with ranged weapons and melee
   (+5).
Jewellery
 g - a ring of willpower
 h - a ring of flight
 z - a +4 ring of slaying (left hand)
 A - a +4 ring of protection (right hand)
 E - a ring of poison resistance
 L - the amulet of Mugiteor (around neck) {Reflect Will+ Regen+ SH+5}
   (You bought it in a shop on level 11 of the Dungeon)

   [amulet of reflection]

   It reflects blocked missile attacks.
   Regen:     It increases your rate of health regeneration.
   SH:        It affects your SH (+5).
   Will:      It increases your willpower.
 T - a ring of ice
Wands
 b - a wand of mindburst (8)
 k - a wand of acid (7)
 m - a wand of iceblast (18)
 o - a wand of flame (38)
 D - a wand of digging (21)
 K - a wand of paralysis (5)
Scrolls
 a - 5 scrolls of identify
 s - 4 scrolls of amnesia
 t - 7 scrolls of magic mapping
 G - 2 scrolls of fog
Potions
 d - 5 potions of might
 e - 5 potions of mutation
 f - 4 potions of degeneration
 i - a potion of flight
 l - 3 potions of brilliance
 r - 2 potions of heal wounds
 w - 3 potions of lignification
 x - 2 potions of haste
 B - 2 potions of resistance
 C - 6 potions of curing
 H - a potion of invisibility
 I - a potion of ambrosia
 N - 2 potions of cancellation
 O - 3 potions of attraction


   Skills:
 + Level 13.4 Fighting
 + Level 16.7 Axes
 + Level 0.9(10.9) Maces & Flails
 + Level 12.3 Armour
 + Level 5.5 Dodging
 - Level 1.0 Stealth
 + Level 12.3 Shields
 + Level 5.0 Invocations


You had 15 spell levels left.
You didn't know any spells.
Your spell library contained the following spells:

 Spells                   Type           Power      Damage    Failure   Level
 Sandblast                Erth           0%         2d4       86%         1
 Shock                    Conj/Air       0%         1d3       86%         1
 Corpse Rot               Necr/Air       0%         N/A       95%         2
 Passwall                 Tmut/Erth      0%         N/A       95%         2
 Poisonous Vapours        Pois/Air       0%         N/A       95%         2
 Sublimation of Blood     Necr           0%         N/A       95%         2
 Wereblood                Tmut           0%         N/A       95%         2
 Frozen Ramparts          Ice            0%         1d2       99%         3
 Inner Flame              Hex/Fire       0%         N/A       99%         3
 Stone Arrow              Conj/Erth      0%         3d7       99%         3
 Swiftness                Air            0%         N/A       99%         3
 Airstrike                Air            0%         N/A       100%        4
 Cause Fear               Hex            0%         N/A       100%        4
 Hailstorm                Conj/Ice       0%         3d3       100%        4
 Ice Form                 Ice/Tmut       0%         N/A       100%        4
 Eringya's Noxious Bog    Tmut/Pois      0%         N/A       100%        6
 Orb of Destruction       Conj           0%         9d5       100%        7
 Discord                  Hex            0%         N/A       100%        8
 Summon Guardian Golem    Hex/Summ       Unusable   N/A       N/A         3
 Summon Ice Beast         Ice/Summ       Unusable   N/A       N/A         4
 Summon Forest            Summ/Tloc      Unusable   N/A       N/A         5
 Simulacrum               Ice/Necr       Unusable   N/A       N/A         6
 Spellforged Servitor     Conj/Summ      Unusable   N/A       N/A         7
 Summon Hydra             Summ           Unusable   N/A       N/A         7

Dungeon Overview and Level Annotations

Branches:
Dungeon (11/15)            Temple (1/1) D:7            Lair (6/6) D:8
  Swamp (2/4) Lair:3        Snake (0/4) Lair:3        Slime (0/5) Lair:6
    Orc (2/2) D:11            Elf (0/3) Orc:2       Ossuary (visited)

Altars:
Ashenzari
Cheibriados
Dithmenos
Elyvilon
Fedhas
Gozag
Hepliaklqana
Kikubaaqudgha
Makhleb
Nemelex Xobeh
Okawaru
Qazlal
Ru
Sif Muna
Trog
Uskayaw
Vehumet
Wu Jian
Xom
Yredelemnul
Zin
The Shining One
Beogh
Jiyva

Shops:
D:11 =   Orc:1 [   Orc:2 [[((

Portals:
Abyss: Lair:5

Annotations:
D:11 2 transporters, Kazon's ghost, journeyman FoFi
Lair:1 1 runed translucent door, DocClef's ghost, journeyman GnFi
Lair:5 2 transporters, 1 runed translucent door, Mumum's ghost, journeyman DrFE
Lair:6 2 runed translucent doors, DocClef's ghost, journeyman TrFi


Innate Abilities, Weirdness & Mutations

((A weak demonic guardian rushes to your aid.))
You sometimes gain power by taking damage.
Your movements are significantly less encumbered by armour. (ER -6)
You have a sharp stinger which inflicts weakening toxins.


Message History

You block the swamp worm's attack.
You are too injured to fight recklessly!
Unknown command.
You are too injured to fight recklessly!
Unknown command.
You are too injured to fight recklessly!
Unknown command.
You are too injured to fight recklessly!
You closely miss the swamp worm. You tail-slap the swamp worm!
The swamp worm looks weaker.
The swamp worm is almost dead.
You kill the swamp worm!
Okawaru accepts your kill. You block the goliath frog's attack.
Okay, then.
You can now deal lightning-fast blows.
The goliath frog hits you but does no damage.
You rampage towards the goliath frog!
You whack the goliath frog!
The goliath frog looks as sick as possible!
Your tail-slap misses the goliath frog.
The goliath frog is moderately wounded.
You hit the thorn hunter.
The thorn hunter is lightly damaged.
You block the thorn hunter's attack. x2; The goliath frog hits you!!
* * * LOW HITPOINT WARNING * * *
You are splashed with acid.
* * * LOW HITPOINT WARNING * * *
Unknown command.
You feel much better.
The thorn hunter fires a volley of thorns at you.
The volley of thorns reflects off an invisible shield around you!
The volley of thorns hits the thorn hunter!
The goliath frog hits you!
* * * LOW HITPOINT WARNING * * *
The acid corrodes you!
You are splashed with acid!
* * * LOW HITPOINT WARNING * * *
As you read the scroll of teleportation, it crumbles to dust.
You feel strangely unstable. You block the thorn hunter's attack. x2
The goliath frog hits you!!
You die...

≈.≈.≈..≈...≈...
$..≈≈..≈.≈..≈..
....≈≈≈≈.......
....≈..§≈.§..≈.
♣...≈≈..≈.≈.≈...
..≈..≈.....≈...≈
......w.Ff≈....≈
....≈...@.≈..≈.≈
..≈............ .≈..
.♣♣.......≈.§≈P .≈..♣
♣♣......≈.≈♣P ♣>....
♣......≈..≈P
♣♣.♣..≈♣♣♣♣♣♣♣PPPPPPPP
♣≈≈≈♣≈≈..♣♣♣.PPPPPPPPP
♣≈...≈..≈..♣..........
≈≈♣.≈.§.≈....[.....≈.≈


You could see a thorn hunter, a tyrant leech (strong) and a goliath frog
(strong, extremely poisoned).

Vanquished Creatures
  Mlioglotl (Swamp:2)
  An orc warlord (Orc:2)
  2 eleionomae
  5 bunyips
  A dire elephant (Lair:6)
  A shambling mangrove (Swamp:1)
  Fannar (Orc:1)
  16 hydras
  A boulder beetle (Lair:4)
  Harold (D:8)
  An ogre mage (Orc:2)
  A merfolk avatar (Lair:6)
  7 two-headed ogres
  3 alligators
  5 death yaks (Lair:6)
  5 orc high priests
  Sonja (Lair:6)
  3 goliath frogs
  The ghost of WaxSun the Skirmisher, a novice DjCj (D:5)
  A bog body (Swamp:2)
  2 spriggan druids
  4 swamp dragons (Swamp:1)
  2 sea snakes (Lair:6)
  The ghost of DocClef the Shield-Bearer, a novice GnFi of Okawaru (D:5)
  7 orc knights
  A harpy (Lair:6)
  5 orc sorcerers (Orc:2)
  5 manticores
  2 will-o-the-wisps
  Maurice (D:8)
  10 black mambas
  2 elephants (Lair:6)
  2 torpor snails (Lair:5)
  6 rime drakes
  8 cane toads
  3 kobold demonologists (D:10)
  7 komodo dragons
  4 trolls
  2 tyrant leeches
  A wind drake (Lair:6)
  9 hornets
  5 polar bears
  Prince Ribbit (D:8)
  5 blink frogs
  8 dream sheep
  3 snapping turtles (Lair:6)
  Sigmund (D:6)
  53 yaks
  5 spriggans (Swamp:1)
  A wraith (D:7)
  A wyvern (Lair:6)
  2 basilisks
  3 vampire mosquitoes (D:11)
  Edmund (D:5)
  Menkaure (D:6)
  10 wargs
  10 swamp worms
  An acid dragon (D:9)
  19 water moccasins
  6 swamp drakes
  An ice beast (D:7)
  41 orc warriors
  3 black bears
  A black bear (shapeshifter) (D:11)
  4 necrophages
  3 wolves (Lair:3)
  12 ogres
  3 centaurs
  A phantom (D:6)
  3 kobold brigands
  A gnoll sergeant (D:9)
  15 bullfrogs
  Blork the orc (D:6)
  A scorpion (D:8)
  A wyvern zombie (D:7)
  A water moccasin zombie (D:6)
  3 killer bees (D:11)
  3 wights (D:10)
  4 howler monkeys
  A crimson imp (D:4)
  A bullfrog zombie (D:6)
  12 centaur zombies
  3 hounds
  2 jellies
  27 orc priests
  A gnoll shaman (D:7)
  6 hell rats (Lair:6)
  4 iguanas
  18 orc wizards
  Ijyb (D:3)
  A killer bee zombie (D:5)
  2 hound skeletons
  6 mummies (Ossuary)
  12 gnolls
  7 river rats (Lair:6)
  12 adders
  An ufetubus (D:5)
  An adder skeleton (D:4)
  3 dart slugs
  93 orcs
  8 bats
  9 endoplasms
  3 giant cockroaches (D:2)
  8 goblins
  2 hobgoblins (D:1)
  2 jackals (D:5)
  8 quokkas
  7 ball pythons
  5 frilled lizards
  4 hobgoblin zombies (Ossuary)
  13 kobolds
  9 rats
  2 rat zombies (D:6)
674 creatures vanquished.

Vanquished Creatures (others)
  A spriggan (Swamp:1)
  A wight (D:10)
  An orc (Orc:2)
  A kobold (D:10)
  16 foxfires
  46 fungi
  82 plants
  8 toadstools (Lair:5)
  6 withered plants (D:5)
162 creatures vanquished.

Grand Total: 836 creatures vanquished

Notes
Turn   | Place    | Note
-------+----------+-------------------------------------------
     0 | D:1      | Sin92 the Demonspawn Fighter began the quest for the Orb.
     0 | D:1      | Reached XP level 1. HP: 18/18 MP: 1/1
    83 | D:1      | Found a faded altar of an unknown god.
   232 | D:1      | Reached skill level 2 in Axes
   287 | D:1      | Gained mutation: You have a small tail. [demonic ancestry]
   287 | D:1      | Reached XP level 2. HP: 23/24 MP: 2/2
  1253 | D:2      | Gained mutation: You sometimes gain a little power by
                  | taking damage. [demonic ancestry]
  1253 | D:2      | Reached XP level 3. HP: 29/29 MP: 3/3
  1813 | D:2      | Reached XP level 4. HP: 34/35 MP: 4/4
  2104 | D:3      | Noticed Ijyb
  2113 | D:3      | Killed Ijyb
  2156 | D:3      | Reached skill level 3 in Axes
  2445 | D:3      | Found an ornate altar of the Wu Jian Council.
  2691 | D:3      | Noticed a necrophage
  2703 | D:3      | Killed a necrophage
  2704 | D:3      | Reached XP level 5. HP: 18/42 MP: 5/5
  3343 | D:4      | Found a bloodstained altar of Trog.
  3470 | D:4      | Gained mutation: Your movements are slightly less
                  | encumbered by armour. (ER -2) [demonic ancestry]
  3470 | D:4      | Reached XP level 6. HP: 46/48 MP: 6/6
  3559 | D:4      | Reached skill level 4 in Axes
  3600 | D:4      | Found a burning altar of Makhleb.
  3601 | D:4      | Found a shimmering altar of Xom.
  3867 | D:5      | Entered Level 5 of the Dungeon
  3873 | D:5      | Noticed a water moccasin
  3884 | D:5      | Killed a water moccasin
  3888 | D:5      | Gained mutation: Your movements are less encumbered by
                  | armour. (ER -4) [demonic ancestry]
  3888 | D:5      | Reached XP level 7. HP: 38/55 MP: 7/7
  4248 | D:5      | Reached skill level 5 in Axes
  4257 | D:5      | Noticed Edmund
  4270 | D:5      | Killed Edmund
  4519 | D:5      | Found a runed translucent gate.
  4520 | D:5      | Found a runed translucent gate.
  4520 | D:5      | Found a runed translucent gate.
  4521 | D:5      | Noticed WaxSun's ghost (novice DjCj)
  4522 | D:5      | Noticed DocClef's ghost (novice GnFi)
  4540 | D:5      | Found a hide-covered altar of Uskayaw.
  4553 | D:5      | Reached skill level 5 in Fighting
  4564 | D:5      | Found a shimmering blue altar of Sif Muna.
  4649 | D:5      | Gained mutation: A weak demonic guardian rushes to your
                  | aid. [demonic ancestry]
  4649 | D:5      | Reached XP level 8. HP: 14/62 MP: 8/8
  5335 | D:6      | Reached skill level 6 in Axes
  5361 | D:6      | Noticed Sigmund
  5499 | D:6      | Found a sacrificial altar of Ru.
  5610 | D:6      | Found a sand-covered staircase.
  5629 | D:6      | Reached skill level 5 in Armour
  5629 | D:6      | Reached skill level 5 in Shields
  5631 | Ossuary  | Entered an ossuary
  6490 | D:6      | Reached skill level 7 in Axes
  6761 | D:6      | Gained mutation: You have a tail ending in a sharp stinger.
                  | [demonic ancestry]
  6761 | D:6      | Reached XP level 9. HP: 60/69 MP: 9/9
  6941 | D:6      | Found a sparkling altar of Nemelex Xobeh.
  7027 | D:6      | Noticed Menkaure
  7032 | D:6      | Killed Menkaure
  7187 | D:6      | Noticed Blork the orc
  7195 | D:6      | Killed Blork the orc
  7453 | D:6      | Reached skill level 10 in Axes
  7453 | D:6      | Gained mutation: You sometimes gain power by taking damage.
                  | [demonic ancestry]
  7453 | D:6      | Reached XP level 10. HP: 78/80 MP: 10/10
  7454 | D:6      | Reached skill level 11 in Axes
  7454 | D:6      | Reached XP level 11. HP: 85/87 MP: 11/11
  7455 | D:6      | Reached XP level 12. HP: 92/96 MP: 12/12
  7456 | D:6      | Reached skill level 10 in Fighting
  7456 | D:6      | Reached skill level 12 in Axes
  7456 | D:6      | Reached XP level 13. HP: 99/103 MP: 13/13
  7474 | D:6      | Killed Sigmund
  8262 | D:7      | Found a staircase to the Ecumenical Temple.
  8275 | Temple   | Entered the Ecumenical Temple
  8317 | Temple   | Became a worshipper of Warmaster Okawaru
  8618 | D:7      | Found a blossoming altar of Fedhas.
  8920 | D:8      | Found a shadowy altar of Dithmenos.
  9146 | D:8      | Noticed Harold
  9160 | D:8      | Killed Harold
  9224 | D:8      | Found a staircase to the Lair.
  9395 | D:8      | Noticed Maurice
  9421 | D:8      | Killed Maurice
  9479 | D:8      | Noticed Prince Ribbit
  9488 | D:8      | Killed Prince Ribbit
 10016 | D:9      | Found a radiant altar of Vehumet.
 10620 | D:10     | Entered Level 10 of the Dungeon
 10692 | D:10     | Reached * piety under Okawaru
 10693 | D:10     | Reached skill level 13 in Axes
 12068 | D:11     | Reached ** piety under Okawaru
 12218 | D:11     | Found a staircase to the Orcish Mines.
 12454 | D:11     | Found Haopsud's Jewellery Shoppe.
 12462 | D:11     | Bought the amulet of Mugiteor {Reflect Will+ Regen+ SH+5}
                  | for 468 gold pieces
 12573 | D:11     | Reached *** piety under Okawaru
 12574 | D:11     | Reached skill level 10 in Shields
 12605 | D:11     | Reached skill level 10 in Armour
 12646 | D:11     | Found a transporter.
 12653 | D:11     | Noticed Kazon's ghost (journeyman FoFi)
 12671 | D:11     | Found a bloodstained altar of Trog.
 12682 | D:11     | Found a transporter.
 12861 | Lair:1   | Entered Level 1 of the Lair of Beasts
 13248 | Lair:1   | Reached **** piety under Okawaru
 13416 | Lair:1   | Found a runed translucent door.
 13500 | Lair:1   | Gained mutation: You have a sharp stinger which inflicts
                  | weakening toxins. [demonic ancestry]
 13500 | Lair:1   | Reached XP level 14. HP: 113/113 MP: 14/14
 13545 | Lair:1   | Reached skill level 14 in Axes
 13607 | Lair:1   | Found the +8 whip "Snakebite" {venom, curare, rPois}
 13838 | Lair:1   | Noticed DocClef's ghost (journeyman GnFi)
 15129 | Lair:3   | Found a staircase to the Snake Pit.
 15251 | Lair:3   | Reached ***** piety under Okawaru
 15410 | Lair:3   | Found a staircase to the Swamp.
 17073 | Lair:5   | Found a transporter.
 17094 | Lair:5   | Noticed Mumum's ghost (journeyman DrFE)
 17114 | Lair:5   | Found a one-way gate to the infinite horrors of the Abyss.
 17115 | Lair:5   | Found a transporter.
 17182 | Lair:5   | Received a gift from Okawaru
 17656 | Lair:5   | Found a runed translucent door.
 18036 | Lair:6   | Entered Level 6 of the Lair of Beasts
 18139 | Lair:6   | Identified the +1 ring mail of Giraumn {Harm rF++}
 18425 | Lair:6   | Noticed Sonja
 18437 | Lair:6   | Killed Sonja
 18441 | Lair:6   | Reached skill level 15 in Axes
 18472 | Lair:6   | HP: 5/115 [dire elephant (5)]
 18474 | Lair:6   | Identified the +2 robe "Fedghimp" {rC+ Str+4} (Okawaru
                  | gifted it to you on level 6 of the Lair of Beasts)
 18474 | Lair:6   | Received a gift from Okawaru
 18655 | Lair:6   | Found a runed translucent door.
 18655 | Lair:6   | Noticed DocClef's ghost (journeyman TrFi)
 18793 | Lair:6   | Found a runed translucent door.
 18793 | Lair:6   | Found a viscous altar of Jiyva.
 18794 | Lair:6   | Found a staircase to the Slime Pits.
 18904 | Lair:6   | Reached XP level 15. HP: 66/121 MP: 15/15
 19372 | Lair:6   | Identified the +3 buckler of Puogg {Rampage +Blink Int-4}
 20069 | D:5      | Killed DocClef's ghost
 20078 | D:5      | Killed WaxSun's ghost
 20251 | Orc:1    | Entered Level 1 of the Orcish Mines
 20251 | Orc:1    | Found Ivvim's Armour Shoppe.
 20320 | Orc:1    | You fall into a shaft and drop 1 floor!
 20320 | Orc:2    | Entered Level 2 of the Orcish Mines
 20681 | Orc:2    | Found a staircase to the Elven Halls.
 21062 | Orc:2    | Received a gift from Okawaru
 21237 | Orc:2    | Found Qeajab's Weapon Boutique.
 21292 | Orc:2    | Found Quitaih's Weapon Shop.
 21554 | Orc:2    | Identified the +4 flail of Wilamuer {vorpal, rElec Int+3}
 21621 | Orc:2    | Reached skill level 16 in Axes
 21643 | Orc:2    | Noticed an orc warlord
 21678 | Orc:2    | Killed an orc warlord
 21723 | Orc:2    | Found Vaifeakh's Armour Boutique.
 21738 | Orc:2    | Reached skill level 1 in Invocations
 21827 | Orc:2    | Found Sumaixih's Armour Shop.
 22175 | Orc:2    | Bought the +3 pair of gauntlets of War {Slay+5} for 807
                  | gold pieces
 22175 | Orc:2    | Found the +3 pair of gauntlets of War {Slay+5}
 22241 | Orc:1    | Noticed Fannar
 22255 | Orc:1    | Killed Fannar
 22771 | Swamp:1  | Entered Level 1 of the Swamp
 23177 | Swamp:1  | Reached ****** piety under Okawaru
 23252 | Swamp:1  | HP: 6/123 [five-headed hydra (10)]
 23254 | Swamp:1  | Identified the +0 ring mail of Fashionability {Int+2 Dex+3}
                  | (Okawaru gifted it to you on level 1 of the Swamp)
 23254 | Swamp:1  | Received a gift from Okawaru
 23255 | Swamp:1  | Reached skill level 5 in Dodging
 23508 | Swamp:1  | Gained mutation: Your movements are significantly less
                  | encumbered by armour. (ER -6) [demonic ancestry]
 23508 | Swamp:1  | Reached XP level 16. HP: 120/130 MP: 18/18
 23568 | Swamp:1  | Paralysed by a hornet for 1 turns
 24688 | Swamp:2  | Noticed Mlioglotl
 24703 | Swamp:2  | Killed Mlioglotl
 24717 | Swamp:2  | Reached skill level 1 in Stealth
 24745 | Swamp:2  | Reached skill level 5 in Invocations
 24851 | Swamp:2  | Noticed a thorn hunter
 24864 | Swamp:2  | HP: 3/131 [acid (7)]
 24865 | Swamp:2  | Demolished by a goliath frog

Illustrated notes

Levels and vault maps discovered:
D:1:      minmay_arrival_three_doors, layout_basic,
          ebering_ecumenical_altar_webs, st_stairs_14
D:2:      layout_basic
D:3:      layout_loops_ring, nicolae_wu_jian_immortal_techniques,
          grunt_ministairs_8, kennysheep_generic_room_12, uniq_ijyb
D:4:      layout_rooms, grunt_temple_overflow_champion_of_chaos,
          lemuel_doored_altar, minmay_fountain_box, grunt_ministairs_2
D:5:      layout_loops_ring, grunt_temple_overflow_open,
          gammafunk_ghost_cemetery, uniq_edmund
D:6:      layout_basic, nicolae_ru_great_annihilating_truth,
          nemelex_dance_club_becter, nicolae_overflow_crystal_walls,
          enter_ossuary_4, grunt_ministairs_4, kennysheep_generic_room_16,
          uniq_sigmund, uniq_menkaure, uniq_blork_the_orc
D:7:      layout_cave_pools, mainiacjoe_overflow_chevrons,
          minmay_temple_entry_stoned_glass, mrwooster_statue_mirror,
          kennysheep_path_1
D:8:      layout_loops_cross, mainiacjoe_overflow_concentric_impassable,
          grunt_dithmenos_smoke, grunt_lair_entry_orc_guard_hut, uniq_maurice,
          uniq_harold, uniq_prince_ribbit1
D:9:      layout_gridville, mainiacjoe_overflow_paths,
          chequers_serial_rivers_micro_a, kennysheep_generic_room_10
D:10:     layout_irregular_city
D:11:     layout_roguey, orc_0_dummy, gammafunk_ghost_wrathful_warriors,
          nicolae_concentric_dashed_squares_mild,
          minmay_shop_enchanted_jewellery
Temple:   kb_temple_of_zot
Lair:1:   minmay_guarded_unrand_snakebite, layout_regular_city,
          ebering_ghost_reflecting_pool, lemuel_fruit_tree, grunt_megastairs_3
Lair:2:   layout_gridlike, grunt_forest_small_clearings,
          minmay_stone_trees_medium
Lair:3:   layout_regular_city, minmay_swamp_entry_wisps, dummy_snake_entry
Lair:4:   layout_big_grid
Lair:5:   gammafunk_lair_enchanted_lake, layout_small_grid,
          gammafunk_ghost_abyssal_escape
Lair:6:   gammafunk_lair_ancient_temple, layout_cave_pods, slime_altar_2,
          ebering_ghost_inner_flame, kennysheep_abandoned_house,
          serial_bayou_shore_a, uniq_sonja
Swamp:1:  layout_basic_swamp, nicolae_swamp_small_spring, swamp_pool5,
          st_swamp_ruins_4
Swamp:2:  layout_falls_marsh, evilmike_swamp_ruin_house_4, swamp_pool3,
          nicolae_swamp_trees_clearing, uniq_mlioglotl
Orc:1:    layout_caves, serial_shops, nicolae_shop_crystal, mines_bat_river,
          uniq_fannar
Orc:2:    pubby_orc_utopia, serial_shops

Skill      XL: |  1  2  3  4  5  6  7  8  9 10 11 12 13 14 15 16 |
---------------+-------------------------------------------------+-----
Axes           | 2 3 4 5 7 10 11 12 13 15 16 | 16.7
Shields        | 3 4 5 7 8 9 10 11 12 | 12.3
Armour         | 3 4 5 7 8 9 10 11 12 | 12.3
Fighting       | 4 5 6 8 9 10 11 12 13 | 13.4
Dodging        | 2 4 5 |  5.5
Invocations    | 3 5 |  5.0
Stealth        | 1 |  1.0
Maces & Flails | |  0.9

Action                   |  1- 3 |  4- 6 |  7- 9 | 10-12 | 13-15 | 16-18 || total
-------------------------+-------+-------+-------+-------+-------+-------++-------
Melee: War axe           |    83 |    56 |       |       |       |       ||   139
       Tailslap          |     8 |    10 |    35 |       |   296 |    40 ||   389
       Hand axe          |       |    62 |   242 |       |   924 |       ||  1228
       Whip              |       |       |       |       |   102 |   174 ||   276
       Broad axe         |       |       |       |       |   771 |       ||   771
Invok: Heroism           |       |       |       |       |     3 |       ||     3
       Finesse           |       |       |       |       |     3 |     2 ||     5
Evoke: Wand              |       |       |       |       |     2 |       ||     2
  Use: Scroll            |     5 |       |     5 |       |    33 |     1 ||    44
       Potion            |       |       |     2 |     3 |     7 |     1 ||    13
 Stab: Paralysed         |       |       |     1 |       |       |       ||     1
       Invisible         |       |       |       |       |    17 |       ||    17
       Fleeing           |       |       |       |       |     1 |       ||     1
       Confused          |       |       |       |       |     1 |       ||     1
Armor: Scale mail        |    32 |    69 |    96 |       |    14 |       ||   211
       Plate armour      |       |       |       |       |   724 |    89 ||   813
Dodge: Dodged            |    34 |    80 |   114 |     1 |   564 |    37 ||   830
Block: Buckler           |    16 |    30 |    48 |       |   946 |    94 ||  1134
       Reflection        |       |       |       |       |     9 |     2 ||    11
